 Dungeon Crawl Stone Soup version 0.30-a0-879-ga8ba668304 (webtiles) character file.

Game seed: 1450488041204386532

1508 112233 the Thaumaturge (level 8, -1/39 (41) HPs)
             Began as a Deep Elf Fire Elementalist on Mar 14, 2023.
             Was an Initiate of Sif Muna.
             Slain by a wight
             ... wielding a +5 short sword
              (8 damage)
             ... on level 6 of the Dungeon.
             The game lasted 00:05:30 (6764 turns).

112233 the Thaumaturge (Deep Elf Fire Elementalist) Turns: 6764, Time: 00:05:31

HP:   -1/39 (41)    AC:  2    Str:  5    XL:     8   Next: 53%
MP:   4/22          EV: 12    Int: 29    God:    Sif Muna [......]
Gold: 255           SH:  0    Dex: 15    Spells: 11/24 levels left

rFire   . . .      SeeInvis +    J - +4 scimitar (freeze)
rCold   . . .      Faith    .    (no shield)
rNeg    . . .      Spirit   .    a - +0 robe
rPois   .          Reflect  .    (no helmet)
rElec   .          Rampage  .    (no cloak)
rCorr   .                        (no gloves)
Will    .....                    (no boots)
Stlth   ++                       (no amulet)
HPRegen 0.26/turn                e - ring of see invisible
MPRegen 0.18/turn                C - +6 ring of intelligence

@: lightly drained
A: no striking features
a: Renounce Religion


You were on level 6 of the Dungeon.
You worshipped Sif Muna.
Sif Muna was noncommittal.
You visited 2 branches of the dungeon, and saw 9 of its levels.

You collected 255 gold pieces.

Inventory:

Hand Weapons
 v - a +1 whip of electrocution
 x - a +0 rapier of draining
 I - a +0 lajatang
 J - a +4 scimitar of freezing (weapon)
Armour
 a - a +0 robe (worn)
Jewellery
 e - a ring of see invisible (left hand)
 C - a +6 ring of intelligence (right hand)
Wands
 D - a wand of iceblast (11)
 G - a wand of polymorph (10)
 H - a wand of quicksilver (5)
Scrolls
 d - a scroll of immolation
 f - 3 scrolls of fear
 k - a scroll of amnesia {unknown}
 l - 4 scrolls of enchant weapon {unknown}
 m - 2 scrolls of teleportation {unknown}
 n - 8 scrolls of identify {unknown}
 p - a scroll of enchant armour {unknown}
 r - a scroll of blinking {unknown}
 u - 2 scrolls of magic mapping {unknown}
 w - a scroll of vulnerability {unknown}
 y - a scroll of brand weapon {unknown}
 A - a scroll of silence {unknown}
Potions
 b - a potion of magic
 c - a potion of haste {unknown}
 h - a potion of degeneration {unknown}
 i - a potion of heal wounds {unknown}
 j - a potion of might {unknown}
 q - a potion of mutation {unknown}
 s - a potion of lignification {unknown}
 t - a potion of resistance {unknown}
 z - a potion of attraction {unknown}
 B - a potion of invisibility {unknown}
 E - a potion of flight {unknown}
 F - a potion of brilliance {unknown}


   Skills:
 - Level 2.4 Dodging
 - Level 2.4 Stealth
 + Level 8.6 Spellcasting
 + Level 6.7 Conjurations
 + Level 7.5 Fire Magic


You had 11 spell levels left.
You knew the following spells:

 Your Spells              Type           Power      Damage    Failure   Level
a - Foxfire               Conj/Fire      100%       2x1d9     1%          1
b - Scorch                Fire           100%       2d10      1%          2
c - Kindle Blastsparks    Fire/Tloc/Air  54%        2d14      4%          3
d - Blink                 Tloc           24%        N/A       7%          2
e - Apportation           Tloc           24%        N/A       4%          1
f - Flame Wave            Conj/Fire      52%        2d13      2%          4

Your spell library contained the following spells:

 Spells                   Type           Power      Damage    Failure   Level
 Momentum Strike          Conj/Tloc      64%        3d9       1%          2
 Inner Flame              Hex/Fire       34%        N/A       2%          3
 Lesser Beckoning         Tloc           24%        N/A       7%          2
 Alistair's Intoxication  Tmut/Pois      8%         N/A       77%         5


Dungeon Overview and Level Annotations

Branches:
Dungeon (8/15)             Temple (1/1) D:4
   Lair: D:8-11

Altars:
Ashenzari
Cheibriados
Elyvilon
Fedhas
Hepliaklqana
Kikubaaqudgha
Nemelex Xobeh
Okawaru
Qazlal
Sif Muna
Trog
Uskayaw
Xom
Yredelemnul

Annotations:
D:4 1 runed translucent door, Heedrag's ghost, novice GrEE
D:6 exclusion: downstairs
D:7 exclusion: downstairs


Message History

* * * LOW HITPOINT WARNING * * *
Unknown command.
Casting: Scorch (safe; 1% risk of failure)
Confirm with . or Enter, or press ? or * to list all spells.
Flames lash the bullfrog.
You kill the bullfrog!
Sif Muna accepts your kill.
Unknown command.
Key pressed, stopping explore.
A gnoll comes into view. It is wielding a +0 whip.
A gnoll is nearby!
A gnoll is nearby!
Unknown command.
Items here: ( ))) [ †††.
There is a stone staircase leading down, spattered with blood here.
Items here: )) [[.
There is a stone staircase leading up here.
You climb upwards.
Level annotation: exclusion: downstairs The wight barely misses you.
There is a stone staircase leading down here.
Unknown command.
As you read the scroll labelled RIMOOPSOFF, it crumbles to dust.
You assume a fearsome visage.
The wight is unaffected. x3
It was a scroll of fear.
The wight hits you with a +5 short sword.
* * * LOW HITPOINT WARNING * * *
Unknown command.
You feel better.
The wight hits you with a +5 short sword!
* * * LOW HITPOINT WARNING * * *
You feel drained.
* * * LOW HITPOINT WARNING * * *
Unknown command.
As you read the scroll labelled PANTUO HENG, it crumbles to dust.
You hear a loud clanging noise!
It was a scroll of noise.
You hear an angry hiss. x2; You hear a shout!
The wight hits you with a +5 short sword!
You die...

#.....#..# ####
#..##...## #.S )!#
#.....#>.. ..... ..#
#..##...## ..#.. #.#
#..###.## #.# . #.#
#..# #.# #..
.#######z#######..# #.#
#.#
#.#.....z.........###.#
#.# #$..#
#@.............#
#.###.#
#z#######.######
#..).## #.# #.# #.##.#
#.# #.# #####.##.# #.#
#.# #.....##.# #.# #.#
#.######.. ..# #.# ###
#.# ### ### ###<## #..
#.# ######..#.#####.#


You could see 3 wights.

Vanquished Creatures
  A steam dragon (D:8)
  A water moccasin (D:5)
  2 black bears
  A sky beast (D:6)
  3 ogres
  A bullfrog (D:7)
  A scorpion (D:5)
  A wight (D:8)
  A howler monkey (D:5)
  4 hounds
  A jelly (D:4)
  A gnoll bouda (D:5)
  Jessica (D:2)
  2 iguanas
  An orc wizard (D:7)
  9 gnolls
  7 adders
  A shadow imp (D:5)
  A white imp (D:7)
  2 worms (D:2)
  A dart slug (D:2)
  8 orcs
  4 endoplasms
  2 giant cockroaches
  6 goblins
  6 hobgoblins
  9 jackals
  5 quokkas
  9 ball pythons
  4 bats
  A frilled lizard (D:1)
  6 kobolds
  4 rats
107 creatures vanquished.

Vanquished Creatures (collateral kills)
  5 foxfires (D:5)
5 creatures vanquished.

Vanquished Creatures (others)
  336 foxfires
  2 plants
338 creatures vanquished.

Grand Total: 450 creatures vanquished

Notes
Turn   | Place    | Note
-------+----------+-------------------------------------------
     0 | D:1      | 112233 the Deep Elf Fire Elementalist began the quest for
                  | the Orb.
     0 | D:1      | Reached XP level 1. HP: 10/10 MP: 6/6
   511 | D:1      | Reached XP level 2. HP: 15/15 MP: 2/8
   634 | D:1      | Learned a level 2 spell: Scorch
   670 | D:1      | You fall into a shaft and drop 1 floor!
  1135 | D:2      | Reached XP level 3. HP: 19/19 MP: 5/10
  1305 | D:2      | Reached skill level 4 in Spellcasting
  1496 | D:2      | Noticed Jessica
  1502 | D:2      | Killed Jessica
  1503 | D:2      | Reached XP level 4. HP: 24/24 MP: 8/12
  1686 | D:2      | Found a faded altar of an unknown god.
  2807 | D:3      | Reached XP level 5. HP: 28/28 MP: 10/14
  3003 | D:3      | Reached skill level 5 in Spellcasting
  3546 | D:4      | Learned a level 3 spell: Kindle Blastsparks
  3826 | D:4      | Found a runed translucent door.
  3827 | D:4      | Noticed Heedrag's ghost (novice GrEE)
  4011 | D:4      | Reached skill level 5 in Fire Magic
  4135 | D:4      | Found a staircase to the Ecumenical Temple.
  4156 | Temple   | Entered the Ecumenical Temple
  4156 | Temple   | Found a transporter.
  4156 | Temple   | Found a transporter.
  4158 | Temple   | Found a transporter.
  4158 | Temple   | Found a transporter.
  4200 | Temple   | Became a worshipper of Sif Muna the Loreminder
  4328 | D:4      | Reached XP level 6. HP: 32/32 MP: 12/16
  4419 | D:4      | Learned a level 2 spell: Blink
  4421 | D:4      | Learned a level 1 spell: Apportation
  4426 | D:4      | Learned a level 4 spell: Flame Wave
  4668 | D:5      | Entered Level 5 of the Dungeon
  4778 | D:6      | Reached skill level 6 in Spellcasting
  4872 | D:7      | Noticed a slime creature
  4872 | D:7      | Noticed a slime creature
  5090 | D:6      | Noticed a sky beast
  5101 | D:6      | Killed a sky beast
  5102 | D:6      | Reached XP level 7. HP: 21/36 MP: 11/18
  5385 | D:5      | Reached skill level 5 in Conjurations
  5601 | D:5      | Found a white marble altar of Elyvilon.
  5637 | D:5      | Reached skill level 7 in Spellcasting
  5815 | D:5      | Reached XP level 8. HP: 41/41 MP: 15/21
  6548 | D:8      | Reached skill level 8 in Spellcasting
  6764 | D:6      | Slain by a wight

Illustrated notes

Levels and vault maps discovered:
D:1:      lemuel_arrival_funnel, layout_loops_ring
D:2:      layout_basic, dreamdust_ecumenical_altar_hidden_monk_grotto,
          uniq_jessica
D:3:      layout_basic, grunt_ministairs_1
D:4:      layout_cave_pods, minmay_temple_entry_hall, serial_column_ruins,
          column_ruins_corridor_T, column_ruins_grid_1,
          column_ruins_corridor_straight, column_ruins_open_large,
          ebering_ghost_inner_flame
D:5:      layout_basic, elyvilon_altar_1
D:6:      layout_loops_ring
D:7:      layout_basic, nicolae_dithmenos_shadow_blocks,
          makhleb_heckhound_becter, lemuel_crystal_altar,
          nicolae_ru_the_path_less_chosen, nicolae_wu_jian_wuxing_cycle
D:8:      layout_basic, tso_oasis_becter, hangedman_decor_growths
Temple:   hellmonk_temple_divided_pantheon

Skill      XL: |  1  2  3  4  5  6  7  8 |
---------------+-------------------------+-----
Conjurations   | 2 3 4 5 6 |  6.7
Spellcasting   | 4 5 6 7 8 |  8.6
Fire Magic     | 4 5 6 7 |  7.5
Dodging        | |  2.4
Stealth        | |  2.4

Action                     |  1- 3 |  4- 6 |  7- 9 || total
---------------------------+-------+-------+-------++-------
   Cast: Foxfire           |    87 |    89 |    25 ||   201
         Scorch            |     3 |    22 |    39 ||    64
  Evoke: Wand              |       |       |     2 ||     2
    Use: Potion            |       |       |     3 ||     3
         Scroll            |       |       |     2 ||     2
 Armour: Robe              |     6 |       |     8 ||    14
  Dodge: Dodged            |    19 |     6 |    32 ||    57

Table legend: (Time is in decaauts)
 A = Elapsed time spent in this place.
 B = Non-inter-level travel time spent in this place.
 C = Inter-level travel time spent in this place.
 D = Time resting spent in this place.
 E = Time spent auto-exploring this place.
 F = Levels seen in this place.
 G = Mean time per level.
                   A        B        C        D        E       F      G
               +--------+--------+--------+--------+--------+-----+--------+
         Total |   6762 |   6503 |    259 |    928 |   4638 |   9 |  751.3 |
       Dungeon |   6702 |   6458 |    244 |    928 |   4635 |   8 |  837.8 |
        Temple |     59 |     44 |     15 |      0 |      3 |   1 |   59.0 |
               +--------+--------+--------+--------+--------+-----+--------+

Top non-repeatable levels by time:
     D:2: 1308 daAuts
     D:3: 1274 daAuts
     D:4: 1066 daAuts
     D:1: 957 daAuts
     D:5: 851 daAuts
     D:6: 699 daAuts
     D:8: 494 daAuts
  Temple: 59 daAuts
     D:7: 51 daAuts
